 Dungeon Crawl Stone Soup version 0.22-a0-482-g76e0a5f51a (webtiles) character file.

230 RKaid the Chopper (level 6, -1/53 HPs)
             Began as a Hill Orc Fighter on June 17, 2018.
             Was an Initiate of Beogh.
             Killed by divine providence
             ... invoked by an orc priest
              (13 damage)
             ... on level 3 of the Dungeon.
             The game lasted 00:06:30 (2475 turns).

RKaid the Chopper (Hill Orc Fighter)                Turns: 2475, Time: 00:06:31

Health: -1/53      AC:  9    Str: 19    XL:     6   Next: 3%
Magic:  15/15      EV:  7    Int: 10    God:    Beogh [......]
Gold:   153        SH:  9    Dex: 10    Spells: 5/5 levels left

rFire    . . .     SeeInvis +   a - +0 war axe
rCold    . . .     Gourm    .   c - +0 shield
rNeg     . . .     Faith    .   b - +0 scale mail
rPois    .         Spirit   .   k - +1 hat
rElec    .         Reflect  .   (no cloak)
rCorr    .         Harm     .   (no gloves)
MR       .....                  l - +0 pair of boots {run}
Stlth    ..........             (no amulet)
HPRegen  0.17/turn              e - ring of magical power {MP+9}
MPRegen  0.14/turn              p - ring of see invisible {sInv}

@: quick
A: no striking features
a: Renounce Religion


You were on level 3 of the Dungeon.
You worshipped Beogh.
Beogh was noncommittal.
You were not hungry.

You visited 1 branch of the dungeon, and saw 4 of its levels.

You collected 153 gold pieces.

Inventory:

Hand Weapons
 a - a +0 war axe (weapon)
Armour
 b - a +0 scale mail (worn)
 c - a +0 shield (worn)
 k - a +1 hat (worn)
   (You found it on level 2 of the Dungeon)
 l - a +0 pair of boots of running (worn)
   (You found it on level 2 of the Dungeon)
Jewellery
 e - a ring of magical power (left hand) {MP+9}
   (You took it off a goblin on level 3 of the Dungeon)
 p - a ring of see invisible (right hand) {sInv}
   (You found it on level 4 of the Dungeon)
Scrolls
 i - 2 scrolls of identify
 m - a scroll of amnesia {unknown}
 o - 4 scrolls of remove curse
Potions
 d - 2 potions of might
 g - 2 potions of flight
 h - a potion of ambrosia {unknown}
 j - a potion of agility
Comestibles
 f - 5 rations


   Skills:
 + Level 4.7 Fighting
 * Level 5.4 Axes
 + Level 4.3 Armour
 + Level 4.3 Shields


You had 5 spell levels left.
You didn't know any spells.
Your spell library was empty.

Dungeon Overview and Level Annotations

Branches:
Dungeon (4/15)
 Temple: D:4-7

Altars:
Gozag
Nemelex Xobeh
Ru
Vehumet
Xom
Zin

Annotations:
D:4 Dowan


Message History

You barely miss the adder. The adder bites you. You block the adder's attack.
You slash the adder!
You kill the adder!
Things that are here:
a ring mail; a vampiric short sword
There is a stone staircase leading down here.
You start resting.
You climb downwards.
Level annotation: Dowan
There is a stone staircase leading up here.
Found a radiant altar of Vehumet.
An orc priest comes into view.
The orc priest shouts, "Beogh is our master!
Accept the truth or die!" (press Y on the ability menu to convert to Beogh)
The orc priest shouts!
You hear a shout! x3
You bow before the missionary of Beogh.
Beogh welcomes you!
The priest welcomes you and lets you live.
An orc comes into view. It is wielding a whip.
An orc wizard comes into view. It is wielding a dagger.
The orc shouts!
You hear a shout!
An orc comes into view. It is wielding a falchion.
An orc priest comes into view. It is wielding a hand axe.
The orc priest shouts!
The orc priest invokes the aid of Beogh against you.
Pain shoots through your body!
The orc wizard looks braver for a moment.
The orc throws a tomahawk.
The tomahawk hits you but does no damage.
You see here a tomahawk.
Things that are here:
a leather armour; a hand axe; an orc skeleton
There is a stone staircase leading up here.
You climb upwards.
There is a stone staircase leading down here.
You start resting.
All of the chunks of flesh in your inventory have rotted away.
You climb downwards.
Level annotation: Dowan The orc hits you but does no damage.
There is a stone staircase leading up here.
You barely miss the orc. The orc hits you but does no damage.
You completely miss the orc priest. You hit the orc.
The orc closely misses you. You block the orc priest's attack.
The orc completely misses you.
You closely miss the orc priest. You slash the orc!
You kill the orc!
Beogh accepts your kill. You block the orc priest's attack.
You climb upwards.
There is a stone staircase leading down here.
You barely miss the orc priest.
Your shield and scale mail prevent you from hitting the orc wizard.
You block the orc wizard's attack.
The orc priest hits you but does no damage.
The orc wizard casts a spell.
The orc wizard seems to speed up.
Your shield prevents you from hitting the orc priest.
You closely miss the orc wizard.
The orc wizard looks satisfied for a moment.
You block the orc priest's attack. You block the orc wizard's attack.
The orc priest hits you but does no damage.
You closely miss the orc priest. You hit the orc wizard.
The orc wizard hits you but does no damage.
The orc wizard hits you with a dagger.
The orc priest hits you but does no damage.
You hit the orc wizard.
You hit the orc priest but do no damage.
The orc wizard hits you but does no damage.
You block the orc priest's attack.
The orc wizard hits you but does no damage.
You hit the orc wizard. You hit the orc priest.
The orc wizard hits you but does no damage.
The orc priest mumbles some strange prayers to Beogh against you.
Beogh smites you!
The orc wizard hits you but does no damage.
Your shield prevents you from hitting the orc wizard.
Your shield and scale mail prevent you from hitting the orc priest.
The orc wizard closely misses you. You block the orc priest's attack.
The orc wizard barely misses you.
You hit the orc wizard.
Your shield and scale mail prevent you from hitting the orc priest.
The orc priest calls down the wrath of Beogh upon you.
Pain shoots through your body! You block the orc wizard's attack.
You closely miss the orc priest. You hit the orc wizard.
You kill the orc wizard!
Beogh accepts your kill.
You have reached level 6!
Your experience leads to an increase in your attributes!
Increase (S)trength, (I)ntelligence, or (D)exterity?
You feel clever.
The orc priest hits you with a hand axe.
* * * LOW HITPOINT WARNING * * *
The orc priest hits you with a hand axe.
* * * LOW HITPOINT WARNING * * *
You closely miss the orc priest.
The orc priest mumbles some strange prayers to Beogh against you.
Beogh smites you!
You die...
Beogh appreciates the orc priest's killing of a heretic priest.

....>..[...........###.#.....#
...........................(.#
..................[#.###.....#
.........#.........#.###.....#
.........##.......##.#.......#
.......................#.....#
....................##########
...............o....#
.........#......@...#
.................)..######
..................#.#....#
........##...............#
.............####........#
....##..####.# #..###....#
....########)###.## #....#
........>..<)....# #....#
....#.#####...#### ######


You could see an orc priest.

Vanquished Creatures
  The ghost of Mictavius the Skirmisher, an amateur BaSk (D:3)
  2 orc wizards (D:3)
  2 adders
  2 worms
  2 leopard geckos (D:2)
  9 orcs
  5 bats
  A giant cockroach (D:1)
  7 goblins
  8 hobgoblins
  4 jackals (D:3)
  3 kobolds
  4 rats
50 creatures vanquished.

Notes
Turn   | Place    | Note
-------+----------+-------------------------------------------
     0 | D:1      | RKaid the Hill Orc Fighter began the quest for the Orb.
     0 | D:1      | Reached XP level 1. HP: 19/19 MP: 1/1
   128 | D:1      | Reached skill level 3 in Axes
   141 | D:1      | Reached XP level 2. HP: 26/27 MP: 2/2
   944 | D:2      | Reached skill level 4 in Fighting
   944 | D:2      | Reached XP level 3. HP: 33/33 MP: 3/3
  1023 | D:2      | Found a sparkling altar of Nemelex Xobeh.
  1272 | D:2      | Found a glowing silver altar of Zin.
  1276 | D:2      | Noticed an angel
  1277 | D:2      | Found a shimmering altar of Xom.
  1463 | D:2      | Identified a +0 pair of boots of running (You found it on level 2 of the Dungeon)
  1540 | D:3      | Reached skill level 4 in Axes
  1587 | D:3      | Found an opulent altar of Gozag.
  1633 | D:3      | Reached XP level 4. HP: 40/40 MP: 4/4
  1717 | D:3      | Found a sacrificial altar of Ru.
  1718 | D:3      | Noticed Mictavius's ghost (amateur BaSk)
  1753 | D:3      | Killed Mictavius's ghost
  1753 | D:3      | Reached skill level 5 in Axes
  1753 | D:3      | Reached skill level 4 in Armour
  1753 | D:3      | Reached skill level 4 in Shields
  1753 | D:3      | Reached XP level 5. HP: 23/47 MP: 5/5
  2233 | D:4      | Noticed Dowan
  2316 | D:4      | Noticed an ogre
  2357 | D:4      | Found a radiant altar of Vehumet.
  2378 | D:4      | Became a worshipper of Beogh the Brigand
  2474 | D:3      | Reached XP level 6. HP: 17/53 MP: 6/6
  2474 | D:3      | HP: 13/53 [orc priest/hand axe (5)]
  2475 | D:3      | Killed from afar by an orc priest

Vault maps used:
D:1:      shiori_arrival_oz, grunt_decor_one_mirror
D:2:      nemelex_xobeh_ov_fountains_minmay,
          grunt_temple_overflow_order_and_chaos_1, minmay_misc_feat_tower
D:3:      nicolae_overflow_crystal_walls, nicolae_ru_sacrificial_ziggurat,
          first_ration
D:4:      vehumet_statue, nicolae_qazlal_style_of_elements, nrook_loot_triangle,
          okawaru_metal_pillars_1_2, uniq_ijyb, uniq_duvessa

Skill      XL: |  1  2  3  4 |
---------------+-------------+-----
Axes           | 3 4 5 |  5.4
Fighting       | 4 |  4.7
Armour         | 4 |  4.3
Shields        | 4 |  4.3

Action                   |  1- 3 |  4- 6 || total
-------------------------+-------+-------++-------
Melee: War axe           |   153 |    64 ||   217
Invok: Convert to Beogh  |       |     1 ||     1
  Use: Scroll            |     4 |       ||     4
  Eat: Chunk             |     3 |     2 ||     5
Armor: Scale mail        |    84 |    24 ||   108
Dodge: Dodged            |    42 |    22 ||    64
Block: Shield            |    87 |    40 ||   127

Table legend:
 A = Spawn XP
 B = Non-spawn XP
 C = Spawn XP percentage of total XP
 D = Spawn monster count
 E = Non-spawn monster count
 F = Spawn count percentage of total count
 G = Total turns spent on level
                    A         B        C        D         E        F      G
               +---------+---------+-------+---------+---------+-------+---------
         Total |       0 |     329 |   0.0 |       0 |      50 |   0.0 |  2475
               +---------+---------+-------+---------+---------+-------+---------
           D:1 |       0 |      27 |   0.0 |       0 |      15 |   0.0 |   738
           D:2 |       0 |      31 |   0.0 |       0 |       9 |   0.0 |   747
           D:3 |       0 |     254 |   0.0 |       0 |      21 |   0.0 |   813
           D:4 |       0 |      17 |   0.0 |       0 |       5 |   0.0 |   177
               +---------+---------+-------+---------+---------+-------+---------

Table legend:
 A = Turns spent in this place as a percentage of turns spent in the entire game.
 B = Non-inter-level travel turns spent in this place as a percentage of non-inter-level travel turns spent in the entire game.
 C = Inter-level travel turns spent in this place as a percentage of turns spent in this place.
 D = Turns resting spent in this place as a percentage of non-inter-level travel turns spent in this place.
 E = Turns spent auto-exploring this place as a percentage of non-inter-level travel turns spent in this place.
 F = Non-inter-level travel turns spent in this place divided by the number of levels of this place that you've seen.
                   A       B       C       D       E      F
               +-------+-------+-------+-------+-------+----------------------
         Total | 100.0 | 100.0 |   4.7 |  17.0 |  58.2 | 589.8
       Dungeon | 100.0 | 100.0 |   4.7 |  17.0 |  58.2 | 589.8
               +-------+-------+-------+-------+-------+----------------------

Table legend:
 A = Kills in this place as a percentage of kills in entire the game.
 B = Kills by you in this place as a percentage of kills by you in the entire game.
 C = Kills by friends in this place as a percentage of kills by friends in the entire game.
 D = Other kills in this place as a percentage of other kills in the entire game.
 E = Experience gained in this place as a percentage of experience gained in the entire game.
 F = Experience gained in this place divided by the number of levels of this place that you have seen.
                   A       B       C       D       E      F
               +-------+-------+-------+-------+-------+----------------------
         Total | 100.0 | 100.0 |   N/A |   N/A | 100.0 |  82.2
       Dungeon | 100.0 | 100.0 |   N/A |   N/A | 100.0 |  82.2
               +-------+-------+-------+-------+-------+----------------------
